Map: Sequencer LE

Players

Elroye - Winner!

  • Race: Zerg Zerg
  • Spawn Location: 7:00

ArchangeL

  • Race: Terran Terran
  • Spawn Location: 1:00

Event: WCS Valencia 2017

VOD

Have the link to the VOD?

Description

Time

  • Played on: July 13, 2017, 8:11 a.m.
  • Length: 12:29

All games in this series

Show
View Real Time Build Order
Export as new Build Order

Elroye Zerg - Winner!

Build Orders: Pool First, Muta Ling Bane 

Get SALT Encoding   

  12  0:01  Drone  
  13  0:13  Overlord  
  13  0:17  Drone  
  14  0:31  Drone x2  
  14  0:35  Drone  
  17  0:44  Extractor  
  17  0:45  Drone  
  17  0:50  Spawning Pool  
  17  0:56  Drone  
  17  1:15  Hatchery  
  16  1:19  Drone  
  16  1:23  Drone  
  18  1:28  Drone  
  19  1:39  Queen  
  21  1:45  Metabolic Boost  
  21  1:51  Overlord  
  21  1:55  Zergling x2  
  22  2:10  Drone  
  22  2:12  Drone  
  24  2:16  Queen  
  26  2:27  Queen  
  28  2:30  Zergling x4  
  30  2:41  Overlord  
  30  2:42  Drone  
  31  2:52  Queen  
  31  2:55  Overlord  
  33  3:01  Zergling x8  
  36  3:15  Drone x3  
  39  3:21  Overlord  
  39  3:22  Drone  
  40  3:27  Queen  
  40  3:30  Drone x3  
  45  3:44  Drone  
  45  3:45  Drone  
  45  3:47  Overlord  
  47  3:49  Drone  
  48  3:56  Zergling x6  
  48  4:02  Hatchery  
  50  4:10  Zergling x6  
  53  4:19  Zergling x6  
  53  4:23  Zergling x2  
  57  4:27  Drone x3  
  60  4:34  Evolution Chamber  
  60  4:35  Evolution Chamber  
  58  4:39  Drone x4  
  62  4:51  Hatchery  
  61  4:53  Drone x2  
  60  5:04  Drone  
  60  5:05  Drone x4  
  61  5:07  Zerg Melee Weapons Level 1  
  61  5:08  Zerg Ground Armor Level 1  
  61  5:13  Queen  
  60  5:15  Extractor  
  59  5:24  Drone x2  
  59  5:27  Extractor  
  60  5:29  Zergling x4  
  62  5:40  Drone  
  62  5:41  Lair  
  62  5:42  Overlord  
  63  5:43  Zergling x6  
  63  5:47  Drone  
  67  5:55  Overlord  
  67  6:03  Drone  
  68  6:04  Overlord  
  68  6:05  Hatchery, Drone x3  
  68  6:06  Drone  
  68  6:07  Drone x2  
  68  6:10  Baneling Nest  
  72  6:11  Drone  
  73  6:23  Zergling x4  
  73  6:24  Zergling x2  
  76  6:25  Extractor  
  76  6:26  Drone  
  76  6:37  Drone x5  
  76  6:38  Drone x2  
  83  6:46  Zergling x6  
  83  6:47  Zergling x2  
  87  6:52  Zergling x2  
  88  6:55  Extractor  
  88  6:56  Spire  
  88  6:57  Extractor, Centrifical Hooks  
  88  6:58  Baneling x2  
  84  7:14  Zerg Melee Weapons Level 2  
  80  7:15  Drone  
  80  7:16  Drone x6  
  80  7:17  Drone  
  80  7:19  Overlord  
  87  7:31  Queen  
  87  7:36  Drone  
  88  7:37  Overlord x3  
  88  7:38  Overseer  
  88  7:50  Queen  
  90  7:53  Zerg Ground Armor Level 2  
  90  7:54  Drone x3  
  90  7:55  Hatchery, Overlord  
  90  7:58  Zergling x4  
  93  7:59  Zergling x18  
  93  8:01  Baneling  
  93  8:02  Baneling x3  
  104  8:05  Drone x2  
  104  8:06  Overlord  
  104  8:11  Baneling x3  
  105  8:24  Mutalisk  
  105  8:25  Mutalisk x6  
  119  8:29  Zerg Flyer Weapons Level 1  
  119  8:34  Overlord x2  
  119  8:36  Baneling  
  119  8:39  Zergling x16  
  119  8:40  Zergling x2  
  128  8:43  Baneling x2  
  128  8:56  Drone x9  
  137  9:04  Baneling x9  
  137  9:05  Overlord x3  
  130  9:34  Mutalisk  
  130  9:35  Mutalisk x6  
  135  9:39  Drone x4  
  135  9:40  Drone x3  
  142  9:46  Zergling x2  
  142  9:47  Zergling x22  
  154  9:57  Mutalisk x2  
  158  10:01  Zergling x2  
  158  10:02  Zergling x4  
  158  10:13  Zergling x10  
  158  10:19  Queen, Drone x2  
  162  10:23  Infestation Pit  
  159  10:36  Mutalisk x3  
  159  10:38  Hatchery  
  159  10:42  Zergling x6  
  163  10:50  Baneling x16  
  163  10:52  Baneling x9  
  163  10:54  Overlord x3  
  163  10:55  Queen  
  163  10:56  Extractor  
  163  10:57  Extractor  
  163  11:01  Hive  
  163  11:10  Zergling x2  
  163  11:11  Zergling x14  
  165  11:13  Zergling x2  
  165  11:14  Zergling x22  
  165  11:17  Baneling x9  
  169  11:30  Zergling x16  
  169  11:31  Zergling x8  
  179  11:38  Mutalisk x4  
  187  11:47  Zergling x2  
  187  11:48  Zergling x2  
Show
View Real Time Build Order
Export as new Build Order

ArchangeL Terran 

Build Orders: MMM Bio 

Get SALT Encoding   

  12  0:00  SCV  
  13  0:12  SCV  
  14  0:19  Supply Depot  
  14  0:25  SCV  
  15  0:41  SCV  
  16  0:42  Barracks  
  16  0:55  SCV, Barracks  
  17  1:04  Refinery  
  17  1:07  SCV  
  17  1:10  Refinery  
  18  1:19  SCV  
  19  1:29  Barracks  
  19  1:40  Reaper  
  20  1:52  Orbital Command  
  20  1:57  Reaper  
  21  2:07  Supply Depot  
  21  2:12  Reaper  
  22  2:19  SCV  
  23  2:29  Reaper  
  24  2:31  SCV  
  24  2:34  Supply Depot  
  24  2:36  Reaper  
  26  2:43  SCV  
  27  2:46  Reaper  
  28  3:01  Reaper  
  29  3:08  Reaper  
  29  3:12  SCV  
  31  3:16  Command Center  
  31  3:18  Reaper  
  32  3:25  SCV  
  33  3:29  Factory  
  33  3:34  Reaper  
  34  3:38  SCV  
  36  3:50  Reaper  
  36  3:51  Barracks Tech Lab  
  36  3:52  SCV  
  37  4:02  Supply Depot  
  37  4:04  SCV  
  38  4:15  Reaper  
  39  4:20  Factory Reactor, Supply Depot  
  39  4:23  Starport  
  39  4:24  SCV  
  40  4:29  Marine  
  40  4:30  Orbital Command  
  41  4:36  SCV, Refinery  
  42  4:48  SCV  
  42  4:51  Stimpack, Reaper  
  42  4:52  Barracks Reactor  
  44  4:56  SCV  
  44  5:00  SCV  
  44  5:12  SCV  
  44  5:13  SCV  
  46  5:15  Barracks Reactor  
  46  5:17  Factory Reactor  
  46  5:21  Supply Depot  
  46  5:24  Medivac  
  46  5:25  SCV  
  49  5:28  Refinery  
  49  5:31  SCV  
  49  5:34  Medivac  
  52  5:35  Marine x2  
  52  5:38  SCV  
  55  5:43  SCV  
  55  5:46  Marine  
  57  5:50  SCV  
  57  5:52  Marine x2  
  57  5:55  SCV, Widow Mine  
  63  5:59  Marine x2  
  65  6:04  SCV, Widow Mine  
  65  6:07  SCV  
  65  6:10  Marine x2  
  74  6:16  Command Center  
  74  6:17  SCV  
  72  6:19  SCV  
  73  6:26  Starport Reactor  
  73  6:27  Marine x3  
  73  6:28  Marine  
  73  6:29  SCV  
  78  6:35  Supply Depot  
  78  6:39  Supply Depot  
  78  6:56  Marine x3, Widow Mine  
  78  6:57  SCV x2  
  78  6:59  Barracks  
  78  7:00  Barracks  
  84  7:09  SCV x2  
  84  7:10  Marine x2, Widow Mine  
  84  7:11  Medivac  
  84  7:14  Marine x2  
  94  7:16  Marine  
  94  7:20  Supply Depot  
  94  7:21  Supply Depot  
  93  7:22  Engineering Bay  
  93  7:28  Marine  
  94  7:32  Marine  
  94  7:33  Marine x2  
  94  7:34  Orbital Command  
  94  7:35  Combat Shields  
  97  7:40  SCV  
  97  7:41  SCV  
  97  7:42  Marine  
  100  7:46  Marine  
  100  7:51  Medivac, Widow Mine x2  
  101  7:56  Engineering Bay  
  107  8:04  SCV  
  107  8:05  Terran Infantry Weapons Level 1  
  108  8:06  Marine  
  108  8:08  Marine x2  
  108  8:09  Marine  
  112  8:13  Marine  
  113  8:23  Marine, Widow Mine  
  113  8:26  SCV, Marine x2  
  113  8:27  Marine  
  119  8:32  Marine  
  119  8:33  Widow Mine  
  123  8:34  Medivac  
  123  8:38  Terran Infantry Armor Level 1  
  123  8:39  Orbital Command  
  123  8:40  SCV  
  126  8:41  Marine  
  126  8:42  SCV  
  126  8:44  Marine x3  
  129  8:50  Marine  
  129  8:52  SCV  
  129  8:54  SCV  
  132  8:59  Marine  
  133  9:03  Barracks Reactor, Widow Mine, Supply Depot  
  133  9:05  SCV  
  133  9:06  Marine, SCV  
  133  9:08  Marauder  
  136  9:17  SCV  
  127  9:24  Missile Turret  
  127  9:25  Missile Turret  
  127  9:26  Missile Turret  
  127  9:29  Factory  
  122  9:40  SCV x3, Marine  
  122  9:41  Marine x6, Medivac x2, Widow Mine x2  
  139  9:52  SCV  
  138  9:56  Armory  
  138  9:57  Supply Depot x2  
  138  9:58  Marine x4  
  138  9:59  Marine x2  
  144  10:00  Marine x3  
  142  10:07  Supply Depot  
  142  10:12  Widow Mine x2  
  143  10:14  Factory Tech Lab  
  143  10:16  Marine x5  
  143  10:19  Marauder  
  150  10:22  Bunker, Marine x3, Supply Depot  
  150  10:23  Supply Depot  
  150  10:27  SCV  
  153  10:33  Medivac, Widow Mine, Armory  
  153  10:34  Marine x3  
  151  10:43  Marauder, Marine x4  
  151  10:46  Marine  
  148  10:52  Marine x3, SCV x2  
  152  11:00  Marine x2  
  152  11:01  Marine x2  
  155  11:05  Marauder  
  155  11:10  Marine x2  
  158  11:13  Missile Turret x2  
  158  11:14  Marine x2, Missile Turret, Widow Mine x3  
  158  11:15  Medivac  
  168  11:18  Marine x3  
  168  11:24  Missile Turret  
  168  11:25  SCV x3  
  138  11:37  SCV x3  
  140  11:42  Widow Mine  
  133  11:47  Marine x2  
  133  11:49  SCV x2  
  133  11:50  Marine x4  
  133  11:51  Marine x3  
  139  11:59  Engineering Bay  
  139  12:00  SCV  
  133  12:05  Marine x2  
  133  12:08  Marine  
  115  12:11  Unknown  
  115  12:12  Unknown x2  
Tags
 
Add a new tag
Caveats
  • Supply blocks, unpowered buildings, or Contaminate may cause inaccurate times.
  • Supply counts are checked every 10 seconds.